 Dungeon Crawl Stone Soup version 0.19.1-1-g22dce08 (webtiles) character file.

72 Jynx the Firebug (level 4, -1/24 HPs)
             Began as a Deep Elf Fire Elementalist on Jan 6, 2017.
             Slain by an adder (3 damage)
             ... on level 3 of the Dungeon.
             The game lasted 00:02:45 (1834 turns).

Jynx the Firebug (Deep Elf Fire Elementalist)       Turns: 1834, Time: 00:02:46

Health: -1/24      AC:  2    Str:  5    XL:     4   Next: 6%
Magic:  0/12       EV: 13    Int: 21    God:
Gold:   90         SH:  0    Dex: 15    Spells: 1 memorised, 10 levels left

rFire  . . .     SeeInvis .     j - -1 dagger (curse)
rCold  . . .     Gourm    .     a - +0 robe
rNeg   . . .     Faith    .     (no shield)
rPois  .         Spirit   .     (no helmet)
rElec  .         Reflect  .     (no cloak)
rCorr  .         Harm     .     (no gloves)
MR     .....                    (no boots)
Stlth  ++........               (no amulet)
                                (no ring)
                                (no ring)

@: very slightly contaminated
A: no striking features
a: no special abilities


You were on level 3 of the Dungeon.
You were not hungry.

You visited 1 branch of the dungeon, and saw 3 of its levels.

You collected 90 gold pieces.

Inventory:

Hand Weapons
 j - a cursed -1 dagger (weapon)
Armour
 a - a +0 robe (worn)
Wands
 o - a wand of slowing (22/48)
Scrolls
 d - 2 scrolls of identify {unknown}
 e - a scroll of fog {unknown}
 f - a scroll of remove curse {unknown}
 m - a scroll of teleportation {unknown}
Potions
 g - 2 potions of curing {unknown}
 h - a potion of might {unknown}
 i - a potion of haste {unknown}
 k - a potion of flight {unknown}
Books
 b - a book of Flames

   Spells                             Type                      Level
   a - Flame Tongue                   Conjuration/Fire             1
   b - Throw Flame                    Conjuration/Fire             2
   c - Conjure Flame                  Conjuration/Fire             3
   d - Inner Flame                    Hexes/Fire                   3
   e - Sticky Flame                   Conjuration/Fire             4
   f - Fireball                       Conjuration/Fire             5
Comestibles
 c - a bread ration
 l - a chunk of flesh
 n - a meat ration


   Skills:
 - Level 2.4 Dodging
 - Level 2.4 Stealth
 + Level 4.0 Spellcasting
 + Level 2.0 Conjurations
 * Level 4.6 Fire Magic


You had 10 spell levels left.
You knew the following spells:

 Your Spells              Type           Power        Failure   Level  Hunger
a - Flame Tongue          Conj/Fire      ###..        3%          1    None


Dungeon Overview and Level Annotations

Branches:
Dungeon (3/15)

Altars:


Message History

The adder bites you. x2
Casting: Flame Tongue
Confirm with . or Enter, or press ? or * to list all spells.
Aiming: Flame Tongue
Press: ? - help, Shift-Dir - straight line, f/p - adder
Aim: an adder (moderately wounded)
The flame tongue misses the adder.
The adder bites you.
* * * LOW HITPOINT WARNING * * *
Casting: Flame Tongue
Confirm with . or Enter, or press ? or * to list all spells.
Aiming: Flame Tongue
Press: ? - help, Shift-Dir - straight line, f/p - adder
Aim: an adder (moderately wounded)
You miscast Flame Tongue.
Nothing appears to happen.
The adder bites you.
* * * LOW HITPOINT WARNING * * *
Casting: Flame Tongue
Confirm with . or Enter, or press ? or * to list all spells.
You don't have enough magic to cast that spell.
The adder bites you.
You die...

#..<.# #..... #...)#
#....# #....# #....#
####### #....## #....>#
#...S.## #.....# #....@.#
#.....##.
########....#.####........
#..........##.......†....#
#....>.........###.....#..
#..........##.............
#..........##..........###
#.....>....##..........#
#.....<....##.........##
#.........÷.........#.#


You could see an adder.

Vanquished Creatures
  3 adders
  A worm (D:2)
  A leopard gecko (D:2)
  4 bats (D:1)
  2 giant cockroaches
  7 hobgoblins
  2 quokkas (D:2)
  2 frilled lizards
  11 goblins
  A kobold (D:2)
  4 rats
38 creatures vanquished.

Notes
Turn   | Place    | Note
-------+----------+-------------------------------------------
     0 | D:1      | Jynx the Deep Elf Fire Elementalist began the quest for the Orb.
     0 | D:1      | Reached XP level 1. HP: 10/10 MP: 6/6
   437 | D:1      | Reached XP level 2. HP: 15/15 MP: 6/8
  1066 | D:2      | Reached XP level 3. HP: 19/19 MP: 7/10
  1583 | D:3      | Reached XP level 4. HP: 7/24 MP: 2/12
  1834 | D:3      | Slain by an adder

Skill      XL: |  1  2  3  4 |
---------------+-------------+-----
Fire Magic     | 4 |  4.6
Spellcasting   | 4 |  4.0
Conjurations   | 2 |  2.0
Dodging        | |  2.4
Stealth        | |  2.4

Action                   |  1- 3 |  4- 6 || total
-------------------------+-------+-------++-------
Melee: Dagger            |     6 |       ||     6
 Cast: Flame Tongue      |    67 |    14 ||    81
  Eat: Chunk             |     2 |     1 ||     3
Armor: Robe              |     7 |       ||     7
Dodge: Dodged            |    23 |     6 ||    29
